 Dungeon Crawl Stone Soup version 0.19.3 (webtiles) character file.

310 MovingMist the Ducker (level 6, 0/43 HPs)
             Began as a High Elf Gladiator on Jan 22, 2017.
             Succumbed to an orc wizard's poison
             ... on level 3 of the Dungeon.
             The game lasted 00:07:53 (4003 turns).

MovingMist the Ducker (High Elf Gladiator)          Turns: 4003, Time: 00:07:54

Health: 0/43       AC: 11    Str: 15    XL:     6   Next: 18%
Magic:  7/7        EV: 13    Int: 11    God:
Gold:   298        SH:  4    Dex: 18    Spells: 0 memorised, 5 levels left

rFire  . . .     SeeInvis .     a - +0 long sword
rCold  . . .     Gourm    .     A - +4 ring mail {MR+}
rNeg   . . .     Faith    .     C - +0 buckler
rPois  .         Spirit   .     c - +0 helmet
rElec  .         Reflect  .     m - +0 cloak
rCorr  .         Harm     .     (no gloves)
MR     +....                    (no boots)
Stlth  +.........               (no amulet)
                                (no ring)
                                (no ring)

@: lethally poisoned (0 -> -8)
A: no striking features
a: no special abilities


You were on level 3 of the Dungeon.
You were not hungry.

You visited 1 branch of the dungeon, and saw 4 of its levels.

You collected 298 gold pieces.

Inventory:

Hand Weapons
 a - a +0 long sword (weapon)
 E - a +2 vampiric rapier
Missiles
 d - 3 throwing nets (quivered)
Armour
 c - a +0 helmet (worn)
 m - a +0 cloak (worn)
 A - a +4 ring mail of magic resistance (worn)
 C - a +0 buckler (worn)
Wands
 v - a wand of paralysis (5/24)
 D - a wand of confusion (20/48)
Scrolls
 i - a scroll of immolation {unknown}
 j - 3 scrolls of enchant weapon {unknown}
 k - a scroll of fear {unknown}
 n - a scroll of noise {unknown}
 p - 2 scrolls of teleportation {unknown}
 t - 2 scrolls of amnesia {unknown}
 y - 4 scrolls of identify {unknown}
 B - a scroll of random uselessness {unknown}
Potions
 b - 2 potions of brilliance {unknown}
 e - 2 potions of curing {unknown}
 g - a potion of flight {unknown}
 h - a potion of haste {unknown}
 l - a potion of berserk rage {unknown}
 q - 2 potions of heal wounds {unknown}
 r - 2 potions of invisibility {unknown}
 u - a potion of degeneration {unknown}
 w - a potion of beneficial mutation {unknown}
 x - a potion of lignification {unknown}
Comestibles
 o - 7 fruits
 s - a meat ration
 z - 2 beef jerkies


   Skills:
 + Level 4.0 Fighting
 + Level 5.0 Long Blades
 - Level 2.0 Throwing
 * Level 5.7 Dodging


You had 5 spell levels left.
You didn't know any spells.

Dungeon Overview and Level Annotations

Branches:
Dungeon (4/15)
 Temple: D:4-7

Altars:
Trog


Message History

The magic dart hits you!
* * * LOW HITPOINT WARNING * * *
The orc hits you but does no damage.
The orc wizard gestures at you while chanting.
The magic dart hits you! The orc hits you but does no damage.
* * * LOW HITPOINT WARNING * * *
You feel sick.
The orc wizard hits you but does no damage.
Unknown command.
* * * LOW HITPOINT WARNING * * *
You feel sick.
The orc wizard casts a spell.
The orc wizard blinks!
There is a stone staircase leading up here.
* * * LOW HITPOINT WARNING * * *
You feel sick.
The orc wizard mumbles some strange words.
The orc wizard blinks!
You climb upwards.
You die...

.≈≈≈≈≈≈########.##
.≈≈≈≈≈≈≈##.......#
.≈≈≈≈≈≈≈≈#.......#
.≈≈≈≈≈≈≈≈#.####).#
.8≈≈≈≈≈≈≈#.####..#
♣.≈≈≈≈≈≈≈#.......#########
♣.≈≈≈≈≈≈≈#.##............#
[8≈≈≈≈≈≈≈#.###..o#######.#
≈≈≈≈≈≈≈≈≈#......@# #.#
≈≈≈≈≈≈≈≈≈#.....(.# #.#
≈≈≈≈≈≈≈≈#######.## ###.#
≈≈≈≈≈≈≈## ##'## #...# ####
≈≈≈≈≈≈## ##...## #.#.#####...
≈≈≈≈≈## ##.....####...........
≈≈≈≈#### ##.......##......###...
#####..####........>#....#.# ##..
.......)..+........[))####.###...


You could see an orc.

Vanquished Creatures
  2 scorpions (D:4)
  Terence (D:3)
  2 worker ants (D:4)
  Robin (D:3)
  4 adders
  2 oozes
  3 worms
  3 dart slugs
  3 leopard geckos (D:3)
  An orc (D:4)
  5 giant cockroaches
  14 goblins
  3 hobgoblins
  2 jackals (D:3)
  A ball python (D:3)
  10 bats
  4 frilled lizards
  10 kobolds
  6 rats
77 creatures vanquished.

Notes
Turn   | Place    | Note
-------+----------+-------------------------------------------
     0 | D:1      | MovingMist the High Elf Gladiator began the quest for the Orb.
     0 | D:1      | Reached XP level 1. HP: 14/14 MP: 2/2
    61 | D:1      | Reached XP level 2. HP: 3/19 MP: 3/3
   575 | D:1      | Reached XP level 3. HP: 21/25 MP: 4/4
  1857 | D:3      | Found a bloodstained altar of Trog.
  1885 | D:3      | Noticed Terence
  1914 | D:3      | HP: 1/26 [Terence/mace (1)]
  1916 | D:3      | Killed Terence
  1916 | D:3      | Reached XP level 4. HP: 2/31 MP: 5/5
  2712 | D:3      | Noticed Robin
  2758 | D:2      | Reached XP level 5. HP: 28/36 MP: 6/6
  2783 | D:3      | Killed Robin
  2783 | D:3      | Reached skill level 5 in Dodging
  3841 | D:4      | Reached skill level 5 in Long Blades
  3841 | D:4      | Reached XP level 6. HP: 32/43 MP: 7/7
  4000 | D:4      | HP: 2/43 [poisoned by an orc wizard]
  4003 | D:3      | Succumbed to an orc wizard's poison

Skill      XL: |  1  2  3  4  5  6 |
---------------+-------------------+-----
Dodging        | 4 5 |  5.7
Fighting       | 3 4 |  4.0
Long Blades    | 4 5 |  5.0
Throwing       | |  2.0

Action                   |  1- 3 |  4- 6 || total
-------------------------+-------+-------++-------
Melee: Long sword        |   133 |   139 ||   272
  Use: Scroll            |     1 |     1 ||     2
  Eat: Chunk             |     3 |     6 ||     9
       Meat ration       |       |     1 ||     1
       Bread ration      |       |     1 ||     1
Armor: Leather armour    |    26 |       ||    26
       Scale mail        |    11 |     2 ||    13
       Ring mail         |     5 |    75 ||    80
Dodge: Dodged            |   104 |   120 ||   224
Block: Buckler           |       |     1 ||     1
       Rpst.: Long sword |    29 |    37 ||    66
